 Dungeon Crawl Stone Soup version 0.29.0-4-gdea44cf6ec (webtiles) character file.

Game seed: 17698037667226961572

5309 qw the Cleaver (level 10, -2/89 HPs)
             Began as a Minotaur Fighter on Sept 4, 2022.
             Was an Initiate of Ru.
             Slain by a gnoll sergeant
             ... wielding a +2 trident of freezing
              (7 damage)
             ... on level 9 of the Dungeon.
             The game lasted 00:03:40 (9186 turns).

qw the Cleaver (Minotaur Fighter)                   Turns: 9186, Time: 00:03:40

Health: -2/89      AC: 16    Str: 24    XL:     10   Next: 37%
Magic:  9/9        EV: 11    Int:  5    God:    Ru [......]
Gold:   448        SH:  5    Dex: 11    Spells: 9/9 levels left

rFire   . . .      SeeInvis .   Y - +0 broad axe
rCold   . . .      Faith    .   c - +0 buckler
rNeg    . . .      Spirit   .   e - +0 plate armour
rPois   +          Reflect  .   t - +1 hat
rElec   .          Harm     .   s - +0 cloak
rCorr   .          Rampage  .   a - +0 pair of gloves
Will    .....                   (no boots)
Stlth   ..........              (no amulet)
HPRegen 0.24/turn               n - ring of poison resistance
MPRegen 0.11/turn               q - +4 ring of evasion

@: about to teleport
A: horns 2, retaliatory headbutt
a: Renounce Religion


You were on level 9 of the Dungeon.
You worshipped Ru.
Ru was noncommittal.
You visited 2 branches of the dungeon, and saw 10 of its levels.

You collected 448 gold pieces.


Innate Abilities, Weirdness & Mutations

You have a pair of horns on your head.
You reflexively headbutt those who attack you in melee.


   Skills:
 - Level 8.3 Fighting
 + Level 14.8 Axes
 - Level 1.9 Throwing
 - Level 7.0 Armour
 - Level 2.0 Dodging
 - Level 5.2 Shields


You had 9 spell levels left.
You didn't know any spells.
Your spell library was empty.

Inventory:

Hand Weapons
 f - a +2 flail of holy wrath
 Y - a +0 broad axe (weapon)
Missiles
 k - 7 boomerangs (quivered)
Armour
 a - a +0 pair of gloves (worn)
 c - a +0 buckler (worn)
 e - a +0 plate armour (worn)
 s - a +0 cloak (worn)
 t - a +1 hat (worn)
Jewellery
 b - a ring of fire
 h - a ring of fire
 i - a +4 ring of protection
 n - a ring of poison resistance (left hand)
 q - a +4 ring of evasion (right hand)
Scrolls
 p - 2 scrolls of teleportation
 r - a scroll of identify
Potions
 d - a potion of might
 g - 2 potions of curing
 j - a potion of experience {unknown}
 l - a potion of attraction {unknown}
 m - 5 potions of heal wounds
 v - a potion of resistance

Dungeon Overview and Level Annotations

Branches:
Dungeon (9/15)             Temple (1/1) D:5            Lair (0/5) D:8
    Orc: D:9-12

Altars:
Ashenzari
Cheibriados
Dithmenos
Elyvilon
Fedhas
Gozag
Hepliaklqana
Kikubaaqudgha
Makhleb
Nemelex Xobeh
Okawaru
Qazlal
Ru
Sif Muna
Trog
Uskayaw
Vehumet
Wu Jian
Xom
Yredelemnul
Zin
The Shining One

Shops:
D:1 *

Annotations:
D:5 1 runed translucent door, Crazy Yiuf
D:9 Gastronok


Message History

You slash the gnoll!
You kill the gnoll!
You hit the gnoll but do no damage. You barely miss the gnoll.
You slash the gnoll!
You kill the gnoll!
Gastronok casts a spell.
The gnoll sergeant hits you but does no damage.
The gnoll hits you but does no damage. x2
You slice the gnoll!!
You kill the gnoll!
You barely miss the gnoll. You block the gnoll sergeant's attack.
The gnoll closely misses you. You furiously retaliate!
You headbutt the gnoll!
The gnoll hits you from afar with a +0 spear.
You slash the gnoll!
You kill the gnoll!
The gnoll hits you but does no damage. x2
You block the gnoll sergeant's attack. The gnoll sergeant barely misses you.
The gnoll sergeant blocks your attack. x2; You slash the gnoll! x2
You kill the gnoll!
You slash the gnoll! The gnoll closely misses you.
The gnoll hits you with a +0 spear.
The gnoll sergeant hits you with a +1 spear of distortion.
Space warps around you. The gnoll sergeant barely misses you.
Gastronok waves his eye-stalks in wide circles.
The air twists around and strikes you!
You closely miss the gnoll.
The gnoll is severely wounded.
You slash the gnoll sergeant! You slash the gnoll!
You kill the gnoll!
The gnoll hits you with a +0 flail!
The gnoll sergeant hits you with a +1 spear of distortion.
You blink.
Gastronok waves his eye-stalks in wide circles.
The air twists around and strikes you!!!
9186 ||| READING 3 scrolls of teleportation.
As you read the scroll of teleportation, it crumbles to dust.
You feel strangely unstable.
The gnoll sergeant hits you from afar with a +2 trident of freezing!
You die...

.........#
#..........#
#....w.....#
#..........#
#./........#
#..........#
##......r...#
.#.....ggg.@.#
......)ยค.....#####
......))).........
###.........#####
##.######.# #. #.#
# #.# #.# #.#


You could see Gastronok, 2 gnoll sergeants, a gnoll and a quokka (summoned).

Vanquished Creatures
  A two-headed ogre (D:9)
  Joseph (D:8)
  7 yaks
  A steam dragon (D:6)
  4 water moccasins
  Duvessa (D:7)
  2 orc warriors (D:8)
  2 sky beasts
  A centaur (D:8)
  5 black bears
  2 kobold brigands
  2 phantoms
  2 bullfrogs
  Blork the orc (D:4)
  3 scorpions
  5 wights (D:8)
  5 killer bees (D:8)
  Dowan (D:7)
  A jelly (D:6)
  3 orc priests
  5 hounds
  An iguana (D:6)
  2 orc wizards
  11 gnolls
  4 adders
  A shadow imp (D:7)
  2 ufetubi (D:5)
  2 worms
  11 dart slugs (D:3)
  16 orcs
  7 endoplasms
  A giant cockroach (D:4)
  4 goblins
  6 hobgoblins
  4 jackals (D:2)
  12 kobolds
  4 quokkas
  2 ball pythons
  3 bats
  4 frilled lizards
  4 rats
156 creatures vanquished.

Vanquished Creatures (others)
  An orc wizard (D:3)
  An orc (D:3)
  14 fungi (D:8)
  12 plants (D:8)
28 creatures vanquished.

Grand Total: 184 creatures vanquished

Notes
Turn   | Place    | Note
-------+----------+-------------------------------------------
     0 | D:1      | qw the Minotaur Fighter began the quest for the Orb.
     0 | D:1      | Reached XP level 1. HP: 19/19 MP: 0/0
     0 | D:1      | 0 ||| qw: Version: 0.1-a-103-gd6f5d3a
     0 | D:1      | 0 ||| qw: Game counter: 5685
     0 | D:1      | 0 ||| qw: Always use a shield: true
     0 | D:1      | 0 ||| qw: God list: Ru
     0 | D:1      | 0 ||| qw: Allow faded altars: false
     0 | D:1      | 0 ||| qw: Do Orc after D:15 true
     0 | D:1      | 0 ||| qw: Do second Lair branch before Depths: true
     0 | D:1      | 0 ||| qw: Lair rune preference: random
     0 | D:1      | 0 ||| qw: Plans: Normal
     0 | D:1      | 0 ||| PLANNING D:1-11
    62 | D:1      | 62 ||| Stepping ~*~*~tactically~*~*~ (stealth).
    71 | D:1      | 71 ||| Stepping ~*~*~tactically~*~*~ (stealth).
   291 | D:1      | Reached skill level 3 in Axes
   385 | D:1      | Found Tusooz's General Store.
   391 | D:1      | 391 ||| SHOPLISTING potion of heal wounds (55 gold, have
                  | 18).
   391 | D:1      | 391 ||| SHOPLISTING scroll of teleportation (33 gold, have
                  | 18).
   456 | D:1      | Reached XP level 2. HP: 26/26 MP: 1/1
   643 | D:1      | 643 ||| Stepping ~*~*~tactically~*~*~ (stealth).
   915 | D:1      | 915 ||| UPGRADING to +4 ring of evasion.
   916 | D:1      | 916 ||| READING scroll labelled GOHAOWKORCH.
   917 | D:1      | 917 ||| READING scroll labelled DULYIS TERUMN.
  1018 | D:1      | 1018 ||| READING 3 scrolls labelled KUEGOM YG FUA.
  1019 | D:1      | 1019 ||| READING scroll labelled HULIGG XEABUXI.
  1020 | D:1      | 1020 ||| DROPPING 2 scrolls of vulnerability.
  1071 | D:2      | Reached skill level 4 in Axes
  1161 | D:2      | Reached XP level 3. HP: 31/31 MP: 2/2
  1402 | D:2      | 1402 ||| UPGRADING to +0 pair of gloves.
  1407 | D:2      | 1407 ||| READING 2 scrolls labelled NEOCODW UWER.
  1428 | D:3      | Reached skill level 5 in Axes
  1434 | D:3      | Reached skill level 1 in Dodging
  1434 | D:3      | Reached XP level 4. HP: 23/39 MP: 3/3
  1445 | D:3      | 1445 ||| FLEEEEING.
  1446 | D:3      | 1446 ||| FLEEEEING.
  1447 | D:3      | 1447 ||| STAIRDANCE
  1678 | D:3      | 1678 ||| STAIRDANCE
  1759 | D:3      | 1759 ||| FLEEEEING.
  1760 | D:3      | 1760 ||| FLEEEEING.
  1761 | D:3      | 1761 ||| FLEEEEING.
  1762 | D:3      | 1762 ||| STAIRDANCE
  1834 | D:3      | 1834 ||| FLEEEEING.
  1835 | D:3      | 1835 ||| FLEEEEING.
  1836 | D:3      | 1836 ||| FLEEEEING.
  1837 | D:3      | 1837 ||| FLEEEEING.
  1838 | D:3      | 1838 ||| STAIRDANCE
  1930 | D:3      | 1930 ||| DROPPING +0 club.
  1931 | D:3      | 1931 ||| DROPPING +0 whip.
  1956 | D:3      | 1956 ||| FLEEEEING.
  1957 | D:3      | 1957 ||| FLEEEEING.
  1958 | D:3      | 1958 ||| STAIRDANCE
  2398 | D:3      | HP: 8/39 [dart slug/slug dart (2)]
  2399 | D:3      | 2399 ||| READING scroll of teleportation.
  2725 | D:3      | 2725 ||| Stepping ~*~*~tactically~*~*~ (stealth).
  2727 | D:3      | 2727 ||| Stepping ~*~*~tactically~*~*~ (hiding).
  3306 | D:3      | 3306 ||| FLEEEEING.
  3307 | D:3      | 3307 ||| FLEEEEING.
  3308 | D:3      | 3308 ||| FLEEEEING.
  3309 | D:3      | 3309 ||| FLEEEEING.
  3310 | D:3      | 3310 ||| FLEEEEING.
  3311 | D:3      | 3311 ||| FLEEEEING.
  3314 | D:3      | 3314 ||| FLEEEEING.
  3315 | D:3      | 3315 ||| FLEEEEING.
  3316 | D:3      | 3316 ||| FLEEEEING.
  3317 | D:3      | 3317 ||| FLEEEEING.
  3318 | D:3      | 3318 ||| FLEEEEING.
  3321 | D:3      | 3321 ||| FLEEEEING.
  3322 | D:3      | 3322 ||| FLEEEEING.
  3323 | D:3      | 3323 ||| FLEEEEING.
  3324 | D:3      | 3324 ||| FLEEEEING.
  3325 | D:3      | 3325 ||| FLEEEEING.
  3328 | D:3      | 3328 ||| FLEEEEING.
  3329 | D:3      | 3329 ||| FLEEEEING.
  3330 | D:3      | 3330 ||| FLEEEEING.
  3331 | D:3      | 3331 ||| FLEEEEING.
  3332 | D:3      | 3332 ||| FLEEEEING.
  3333 | D:3      | 3333 ||| FLEEEEING.
  3334 | D:3      | 3334 ||| FLEEEEING.
  3335 | D:3      | 3335 ||| FLEEEEING.
  3338 | D:3      | 3338 ||| FLEEEEING.
  3339 | D:3      | 3339 ||| FLEEEEING.
  3340 | D:3      | 3340 ||| FLEEEEING.
  3341 | D:3      | 3341 ||| FLEEEEING.
  3342 | D:3      | 3342 ||| FLEEEEING.
  3343 | D:3      | 3343 ||| FLEEEEING.
  3344 | D:3      | 3344 ||| FLEEEEING.
  3345 | D:3      | 3345 ||| FLEEEEING.
  3346 | D:3      | 3346 ||| FLEEEEING.
  3347 | D:3      | 3347 ||| FLEEEEING.
  3348 | D:3      | 3348 ||| FLEEEEING.
  3349 | D:3      | 3349 ||| FLEEEEING.
  3350 | D:3      | 3350 ||| FLEEEEING.
  3351 | D:3      | 3351 ||| FLEEEEING.
  3352 | D:3      | 3352 ||| FLEEEEING.
  3353 | D:3      | 3353 ||| FLEEEEING.
  3354 | D:3      | 3354 ||| FLEEEEING.
  3355 | D:3      | 3355 ||| FLEEEEING.
  3356 | D:3      | 3356 ||| FLEEEEING.
  3357 | D:3      | 3357 ||| FLEEEEING.
  3358 | D:3      | 3358 ||| FLEEEEING.
  3359 | D:3      | 3359 ||| FLEEEEING.
  3360 | D:3      | 3360 ||| FLEEEEING.
  3361 | D:3      | 3361 ||| FLEEEEING.
  3362 | D:3      | 3362 ||| FLEEEEING.
  3363 | D:3      | 3363 ||| FLEEEEING.
  3364 | D:3      | 3364 ||| FLEEEEING.
  3365 | D:3      | 3365 ||| FLEEEEING.
  3366 | D:3      | 3366 ||| FLEEEEING.
  3367 | D:3      | 3367 ||| FLEEEEING.
  3368 | D:3      | 3368 ||| FLEEEEING.
  3369 | D:3      | 3369 ||| FLEEEEING.
  3370 | D:3      | 3370 ||| FLEEEEING.
  3371 | D:3      | 3371 ||| FLEEEEING.
  3372 | D:3      | 3372 ||| FLEEEEING.
  3373 | D:3      | 3373 ||| FLEEEEING.
  3374 | D:3      | 3374 ||| FLEEEEING.
  3375 | D:3      | 3375 ||| FLEEEEING.
  3376 | D:3      | 3376 ||| FLEEEEING.
  3377 | D:3      | 3377 ||| FLEEEEING.
  3378 | D:3      | 3378 ||| FLEEEEING.
  3381 | D:3      | 3381 ||| FLEEEEING.
  3382 | D:3      | 3382 ||| FLEEEEING.
  3383 | D:3      | 3383 ||| FLEEEEING.
  3384 | D:3      | 3384 ||| FLEEEEING.
  3385 | D:3      | 3385 ||| STAIRDANCE
  3410 | D:2      | 3410 ||| UPGRADING to +3 scale mail.
  3420 | D:2      | 3420 ||| DROPPING +0 scale mail.
  3421 | D:2      | 3421 ||| READING scroll labelled NYENYNALOAG.
  3422 | D:2      | 3422 ||| READING scroll labelled HEIHOAPSIB.
  3423 | D:2      | 3423 ||| DRINKING 2 yellow potions.
  3528 | D:2      | 3528 ||| DROPPING potion of berserk rage.
  3533 | D:3      | Reached skill level 6 in Axes
  3533 | D:3      | Reached XP level 5. HP: 45/45 MP: 4/4
  3563 | D:3      | 3563 ||| FLEEEEING.
  3564 | D:3      | 3564 ||| FLEEEEING.
  3565 | D:3      | 3565 ||| FLEEEEING.
  3566 | D:3      | 3566 ||| FLEEEEING.
  3567 | D:3      | 3567 ||| FLEEEEING.
  3568 | D:3      | 3568 ||| FLEEEEING.
  3569 | D:3      | 3569 ||| FLEEEEING.
  3580 | D:3      | 3580 ||| FLEEEEING.
  3581 | D:3      | 3581 ||| FLEEEEING.
  3582 | D:3      | 3582 ||| FLEEEEING.
  3583 | D:3      | 3583 ||| FLEEEEING.
  3584 | D:3      | 3584 ||| FLEEEEING.
  3585 | D:3      | 3585 ||| FLEEEEING.
  3586 | D:3      | 3586 ||| FLEEEEING.
  3587 | D:3      | 3587 ||| FLEEEEING.
  3611 | D:3      | 3611 ||| FLEEEEING.
  3612 | D:3      | 3612 ||| FLEEEEING.
  3613 | D:3      | 3613 ||| FLEEEEING.
  3614 | D:3      | 3614 ||| FLEEEEING.
  3615 | D:3      | 3615 ||| FLEEEEING.
  3616 | D:3      | 3616 ||| STAIRDANCE
  3870 | D:3      | 3870 ||| Stepping ~*~*~tactically~*~*~ (stealth).
  3875 | D:3      | 3875 ||| Stepping ~*~*~tactically~*~*~ (stealth).
  3879 | D:3      | 3879 ||| Stepping ~*~*~tactically~*~*~ (stealth).
  3884 | D:3      | 3884 ||| Stepping ~*~*~tactically~*~*~ (hiding).
  3886 | D:3      | 3886 ||| Stepping ~*~*~tactically~*~*~ (hiding).
  3905 | D:3      | 3905 ||| DROPPING +0 flail.
  3921 | D:3      | Found an iron altar of Okawaru.
  4148 | D:3      | 4148 ||| Stepping ~*~*~tactically~*~*~ (stealth).
  4150 | D:3      | 4150 ||| Stepping ~*~*~tactically~*~*~ (hiding).
  4264 | D:3      | Found a stormy altar of Qazlal.
  4268 | D:3      | Found a snail-covered altar of Cheibriados.
  4269 | D:3      | Found a shimmering blue altar of Sif Muna.
  4269 | D:3      | Found a broken altar of Ashenzari.
  4344 | D:3      | 4344 ||| READING scroll labelled CUSUMUPNONO.
  4377 | D:4      | Reached skill level 7 in Axes
  4484 | D:4      | Noticed Blork the orc
  4485 | D:4      | 4485 ||| Stepping ~*~*~tactically~*~*~ (hiding).
  4487 | D:4      | 4487 ||| Stepping ~*~*~tactically~*~*~ (hiding).
  4494 | D:4      | Killed Blork the orc
  4495 | D:4      | Reached XP level 6. HP: 50/53 MP: 5/5
  4815 | D:4      | 4815 ||| UPGRADING to +0 plate armour.
  4825 | D:4      | 4825 ||| DROPPING +3 scale mail.
  4839 | D:5      | Entered Level 5 of the Dungeon
  4843 | D:5      | 4843 ||| STAIRDANCE
  4880 | D:5      | Found a staircase to the Ecumenical Temple.
  4881 | D:5      | 4881 ||| PLANNING TEMPLE
  4889 | Temple   | Entered the Ecumenical Temple
  4901 | Temple   | 4901 ||| PLANNING D:1-11
  4949 | D:5      | Identified the +7 dagger of the Wizarding Scorpion {vorpal,
                  | Fly rF+ Str+3 Int-4}
  5042 | D:5      | Reached skill level 8 in Axes
  5269 | D:5      | Noticed a yak
  5271 | D:5      | Noticed a yak
  5274 | D:5      | Noticed a yak
  5276 | D:5      | Noticed a yak
  5277 | D:5      | Killed a yak
  5277 | D:5      | Noticed a yak
  5278 | D:5      | Reached XP level 7. HP: 19/60 MP: 6/6
  5278 | D:5      | 5278 ||| Stepping ~*~*~tactically~*~*~ (stealth).
  5278 | D:5      | HP: 14/60 [yak (5)]
  5279 | D:5      | 5279 ||| READING scroll of teleportation.
  5279 | D:5      | HP: 4/60 [yak (10)]
  5703 | D:5      | 5703 ||| Stepping ~*~*~tactically~*~*~ (stealth).
  5709 | D:5      | Killed a yak
  5710 | D:5      | Reached skill level 9 in Axes
  5713 | D:5      | Killed a yak
  5718 | D:5      | Killed a yak
  5719 | D:5      | Reached XP level 8. HP: 32/70 MP: 7/7
  5723 | D:5      | Reached skill level 10 in Axes
  6114 | D:5      | Found a runed translucent door.
  6115 | D:5      | Noticed Crazy Yiuf
  6198 | D:5      | 6198 ||| DROPPING ring of flight.
  6199 | D:5      | 6199 ||| UPGRADING to ring of positive energy.
  6200 | D:5      | 6200 ||| READING scroll labelled JUS VEHASETOIM.
  6201 | D:5      | 6201 ||| READING 3 scrolls of identify.
  6201 | D:5      | 6201 ||| IDENTIFYING orange potion
  6202 | D:5      | 6202 ||| READING 2 scrolls of identify.
  6202 | D:5      | 6202 ||| IDENTIFYING pink potion
  6203 | D:5      | 6203 ||| DROPPING potion of lignification.
  6277 | D:6      | 6277 ||| Stepping ~*~*~tactically~*~*~ (stealth).
  6283 | D:6      | Reached skill level 1 in Throwing
  6313 | D:6      | 6313 ||| Stepping ~*~*~tactically~*~*~ (stealth).
  6323 | D:6      | Reached skill level 6 in Fighting
  6422 | D:6      | Found a sacrificial altar of Ru.
  6430 | D:6      | Became a worshipper of Ru the Awakened
  6491 | D:6      | Reached skill level 11 in Axes
  6736 | D:6      | Found a white marble altar of Elyvilon.
  6754 | D:6      | 6754 ||| UPGRADING to +0 cloak.
  6759 | D:6      | 6759 ||| UPGRADING to ring of poison resistance.
  6761 | D:6      | 6761 ||| UPGRADING to +4 ring of evasion.
  6763 | D:6      | 6763 ||| READING scroll labelled EFEIXTIOHO.
  6764 | D:6      | 6764 ||| DRINKING 2 black potions.
  6765 | D:6      | 6765 ||| DRINKING 2 ruby potions.
  6766 | D:6      | 6766 ||| DROPPING potion of magic.
  6784 | D:7      | Noticed Duvessa
  6784 | D:7      | Noticed Dowan
  6798 | D:7      | Killed Duvessa
  6801 | D:7      | Killed Dowan
  6851 | D:7      | 6851 ||| FLEEEEING.
  6853 | D:7      | 6853 ||| STAIRDANCE
  6916 | D:7      | Reached skill level 12 in Axes
  6927 | D:7      | 6927 ||| Stepping ~*~*~tactically~*~*~ (hiding).
  6936 | D:7      | Reached XP level 9. HP: 75/75 MP: 8/8
  7080 | D:7      | 7080 ||| Stepping ~*~*~tactically~*~*~ (stealth).
  7082 | D:7      | 7082 ||| Stepping ~*~*~tactically~*~*~ (stealth).
  7094 | D:7      | Reached skill level 6 in Armour
  7396 | D:7      | 7396 ||| SWAPPING to +0 broad axe.
  7397 | D:7      | 7397 ||| DROPPING +0 war axe.
  7538 | D:7      | 7538 ||| READING scroll labelled JECVONOMIKH.
  7539 | D:7      | 7539 ||| READING 3 scrolls of identify.
  7539 | D:7      | 7539 ||| IDENTIFYING blue potion
  7540 | D:7      | 7540 ||| READING 2 scrolls of identify.
  7540 | D:7      | 7540 ||| IDENTIFYING amethyst potion
  7541 | D:7      | 7541 ||| DROPPING potion of brilliance.
  7542 | D:7      | 7542 ||| DROPPING potion of flight.
  7556 | D:8      | 7556 ||| Stepping ~*~*~tactically~*~*~ (hiding).
  7562 | D:8      | 7562 ||| Stepping ~*~*~tactically~*~*~ (stealth).
  7563 | D:8      | 7563 ||| Stepping ~*~*~tactically~*~*~ (hiding).
  7733 | D:8      | 7733 ||| Stepping ~*~*~tactically~*~*~ (hiding).
  7747 | D:8      | Reached skill level 13 in Axes
  8134 | D:8      | 8134 ||| Stepping ~*~*~tactically~*~*~ (stealth).
  8177 | D:8      | 8177 ||| Stepping ~*~*~tactically~*~*~ (stealth).
  8179 | D:8      | 8179 ||| Stepping ~*~*~tactically~*~*~ (stealth).
  8239 | D:8      | 8239 ||| INVOKING Reject Sacrifices.
  8362 | D:8      | Reached XP level 10. HP: 78/89 MP: 9/9
  8412 | D:8      | 8412 ||| Stepping ~*~*~tactically~*~*~ (stealth).
  8668 | D:8      | Found a staircase to the Lair.
  8763 | D:8      | Noticed Joseph
  8774 | D:8      | Killed Joseph
  8775 | D:8      | Reached skill level 14 in Axes
  8898 | D:8      | 8898 ||| UPGRADING to +1 hat.
  8903 | D:8      | 8903 ||| DROPPING ring of positive energy.
  8904 | D:8      | 8904 ||| READING scroll labelled NAKLADGH FENAGU.
  8905 | D:8      | 8905 ||| DRINKING 2 metallic yellow potions.
  9006 | D:8      | 9006 ||| DRINKING 2 puce potions.
  9007 | D:8      | 9007 ||| READING 2 scrolls of identify.
  9007 | D:8      | 9007 ||| IDENTIFYING smoky golden potion
  9008 | D:8      | 9008 ||| DROPPING potion of ambrosia.
  9009 | D:8      | 9009 ||| DROPPING potion of invisibility.
  9097 | D:9      | Noticed a two-headed ogre
  9100 | D:9      | 9100 ||| FLEEEEING.
  9101 | D:9      | 9101 ||| FLEEEEING.
  9108 | D:9      | Killed a two-headed ogre
  9176 | D:9      | Noticed Gastronok
  9185 | D:9      | HP: 5/89 [Gastronok/the air (40)]
  9186 | D:9      | 9186 ||| READING 3 scrolls of teleportation.
  9186 | D:9      | Slain by a gnoll sergeant

Levels and vault maps discovered:
D:1:      nagdon_arrival_double_spiral, layout_basic, serial_shops, shop
D:2:      layout_rooms
D:3:      kennysheep_slugbush, layout_basic, okawaru_metal_pillars_1_2,
          mainiacjoe_overflow_alcove_3, minmay_fountain_box
D:4:      layout_cave_pools, grunt_decor_junction, uniq_blork_the_orc
D:5:      layout_loops_ring, minmay_temple_entry_drinking_statues,
          uniq_crazy_yiuf_cottage
D:6:      layout_basic, mainiacjoe_overflow_six_doors_small,
          nicolae_ru_sacrificial_ziggurat, minivault_1, minmay_statues_item
D:7:      layout_gridville, lemuel_old_faithful, uniq_duvessa
D:8:      layout_loops_ring, grunt_lair_entry_orc_guard_hut, uniq_joseph
D:9:      layout_long_grid, special_room [special_room_orc],
          minmay_hollow_rounded_squares, uniq_gastronok
Temple:   minmay_freezing_vapour_temple

Skill      XL: |  1  2  3  4  5  6  7  8  9 10 |
---------------+-------------------------------+-----
Axes           | 3 4 5 6 7 8 9 12 13 14 | 14.8
Dodging        | 1 2 |  2.0
Fighting       | 4 5 6 8 |  8.3
Armour         | 5 7 |  7.0
Throwing       | 1 |  1.9
Shields        | 4 5 |  5.2

Action                   |  1- 3 |  4- 6 |  7- 9 | 10-12 || total
-------------------------+-------+-------+-------+-------++-------
Melee: War axe           |    62 |    97 |   109 |       ||   268
       Headbutt          |    10 |    20 |    37 |    11 ||    78
       Broad axe         |       |       |    63 |    53 ||   116
Throw: Boomerang         |    12 |    40 |    43 |     8 ||   103
Invok: Reject Sacrifices |       |       |     1 |       ||     1
  Use: Scroll            |     5 |     4 |     8 |     3 ||    20
       Potion            |       |     1 |     2 |     2 ||     5
Armor: Scale mail        |    31 |    66 |       |       ||    97
       Plate armour      |       |    14 |    84 |    27 ||   125
Dodge: Dodged            |    38 |   110 |    87 |    34 ||   269
Block: Buckler           |    10 |    30 |    29 |    19 ||    88

Table legend:
 A = Non-vault XP
 B = Vault XP
 C = Vault XP percentage of total XP
 D = Non-vault monster count
 E = Vault monster count
 F = Vault count percentage of total count
                 A         B        C        D         E       F
            +---------+---------+-------+---------+---------+-------
      Total |    5967 |    1618 |  21.3 |     137 |      20 |  12.7
            +---------+---------+-------+---------+---------+-------
        D:1 |      26 |       0 |   0.0 |      16 |       0 |   0.0
        D:2 |      23 |       0 |   0.0 |      11 |       0 |   0.0
        D:3 |     226 |      42 |  15.7 |      22 |      11 |  33.3
        D:4 |      60 |      91 |  60.3 |       9 |       1 |  10.0
        D:5 |    1209 |       0 |   0.0 |      13 |       0 |   0.0
        D:6 |     773 |       0 |   0.0 |      10 |       0 |   0.0
        D:7 |     920 |     212 |  18.7 |      15 |       2 |  11.8
        D:8 |    1721 |    1273 |  42.5 |      30 |       6 |  16.7
        D:9 |    1009 |       0 |   0.0 |      11 |       0 |   0.0
            +---------+---------+-------+---------+---------+-------
